 Dungeon Crawl Stone Soup version 0.29.1-15-g9cfb28693d (webtiles) character file.

Game seed: 15125968115042713143

2621 Charge the Magician (level 9, 0/61 (72) HPs)
             Began as a Yellow Draconian Transmuter on Mar 3, 2023.
             Was an Initiate of Makhleb.
             Slain by a wight
             ... wielding a +0 battleaxe
              (2 damage)
             ... on level 7 of the Dungeon.
             The game lasted 00:22:24 (8108 turns).

Charge the Magician (Yellow Draconian Transmuter)   Turns: 8108, Time: 00:22:24

HP:   0/61 (72)     AC: 10    Str: 13    XL:     9   Next: 34%
MP:   19/19         EV: 14    Int: 17    God:    Makhleb [......]
Gold: 303           SH:  0    Dex: 12    Spells: 19/22 levels left

rFire   . . .      SeeInvis .   m - +4 short sword (venom)
rCold   . . .      Faith    .   (no shield)
rNeg    . . .      Spirit   .   (body armour unavailable)
rPois   .          Reflect  .   (helmet currently unavailable)
rElec   .          Harm     .   A - +0 cloak
rCorr   +          Rampage  .   r - +1 pair of gloves
Will    .....                   (boots currently unavailable)
Stlth   +.........              (no amulet)
HPRegen 0.20/turn               (no ring)
MPRegen 0.16/turn               (no ring)

@: appendages (expiring), heavily drained
A: horns 2, talons 2, spit acid, AC +7, unfitting armour, cold-blooded, acid
resistance
a: Breathe Acid, End Transformation, Renounce Religion


You were on level 7 of the Dungeon.
You worshipped Makhleb.
Makhleb was noncommittal.
You had temporarily grown beastly horns and talons.
You visited 2 branches of the dungeon, and saw 8 of its levels.

You collected 303 gold pieces.

Inventory:

Hand Weapons
 k - a +2 short sword of protection
 m - a +4 short sword of venom (weapon)
Armour
 h - a +0 pair of boots (melded)
 r - a +1 pair of gloves (worn)
 A - a +0 cloak (worn)
Jewellery
 l - a ring of flight
Wands
 j - a wand of polymorph (7)
 p - a wand of flame (2)
 u - a wand of charming (9)
Scrolls
 i - 2 scrolls of immolation
 o - 4 scrolls of teleportation
 s - a scroll of fog {unknown}
 t - a scroll of noise {unknown}
 v - 4 scrolls of identify
 x - 2 scrolls of amnesia {unknown}
 y - a scroll of blinking {unknown}
 z - 2 scrolls of silence {unknown}
Potions
 a - 5 potions of lignification
 b - a potion of ambrosia {unknown}
 c - a potion of cancellation {unknown}
 d - a potion of brilliance
 e - 2 potions of magic
 f - a potion of curing {unknown}
 g - a potion of might {unknown}
 n - 5 potions of flight
 q - 2 potions of haste
 w - 2 potions of heal wounds {unknown}
 B - a potion of degeneration {unknown}
 C - a potion of mutation {unknown}


   Skills:
 + Level 4.6 Fighting
 - Level 7.0 Dodging
 + Level 5.2 Unarmed Combat
 - Level 7.0 Spellcasting
 + Level 4.5 Transmutations


You had 19 spell levels left.
You knew the following spells:

 Your Spells              Type           Power      Damage    Failure   Level
a - Beastly Appendage     Tmut           42%        N/A       1%          1
b - Wereblood             Tmut           21%        N/A       2%          2

Your spell library contained the following spells:

 Spells                   Type           Power      Damage    Failure   Level
 Apportation              Tloc           12%        N/A       12%         1
 Magic Dart               Conj           24%        1d4       12%         1
 Necrotise                Necr           24%        1d5       12%         1
 Summon Small Mammal      Summ           24%        N/A       12%         1
 Spider Form              Tmut/Pois      13%        N/A       14%         3
 Blink                    Tloc           12%        N/A       17%         2
 Ensorcelled Hibernation  Hex/Ice        12%        N/A       17%         2
 Searing Ray              Conj           12%        2d4       17%         2
 Lesser Beckoning         Tloc           6%         N/A       34%         3
 Vampiric Draining        Necr           6%         2d6       34%         3
 Ice Form                 Ice/Tmut       13%        N/A       41%         4
 Anguish                  Hex/Necr       3%         N/A       75%         4
 Fulminant Prism          Conj/Hex       3%         3d6       75%         4
 Agony                    Necr           6%         N/A       97%         5
 Manifold Assault         Tloc           6%         N/A       97%         5


Dungeon Overview and Level Annotations

Branches:
Dungeon (7/15)             Temple (1/1) D:6

Altars:
Ashenzari
Cheibriados
Dithmenos
Elyvilon
Gozag
Kikubaaqudgha
Makhleb
Nemelex Xobeh
Okawaru
Qazlal
Ru
Sif Muna
Trog
Uskayaw
Vehumet
Wu Jian
Xom
Zin


Innate Abilities, Weirdness & Mutations

You have temporarily grown beastly horns and talons.
You can spit globs of acid.
Your golden yellow scales are hard. (AC +7)
You cannot fit into any form of body armour.
You are cold-blooded and may be slowed by cold attacks.
You are resistant to acid. (rCorr)


Message History

You headbutt the wight.
You tail-slap the wight, but do no damage.
The wight is lightly damaged.
The wight misses you. x2
You hit the wight. Your kick misses the wight. You headbutt the wight.
You tail-slap the wight.
The wight is heavily damaged.
The wight hits you with a +0 battleaxe.
The wight hits you from afar with a +2 vorpal spear!
You feel drained.
You barely miss the wight.
The wight is heavily damaged.
The wight hits you but does no damage.
The wight hits you from afar with a +2 vorpal spear!
You feel drained.
You closely miss the wight. You claw the wight, but do no damage.
The wight is heavily damaged.
The wight barely misses you. The wight closely misses you. x2
The wight hits you but does no damage.
You puncture the wight! You claw the wight, but do no damage.
Your headbutt misses the wight.
The wight is almost destroyed.
The wight closely misses you.
The wight hits you from afar with a +2 vorpal spear.
The wight attacks as you move away! The wight completely misses you.
The wight attacks as you move away! The wight completely misses you.
The wight attacks as you move away! The wight hits you with a +0 battleaxe.
You feel drained. The wight attacks as you move away!
The wight completely misses you.
Your transformation is almost over.
The wight attacks as you move away! The wight hits you with a +0 battleaxe!
* * * LOW HITPOINT WARNING * * *
You feel drained.
* * * LOW HITPOINT WARNING * * *
The wight attacks as you move away! The wight barely misses you.
The wight attacks as you move away! The wight closely misses you.
The wight attacks as you move away! The wight hits you with a +0 battleaxe!
* * * LOW HITPOINT WARNING * * *
You feel drained.
You die...

#.#.....# #.#
#...#.#)######.#
#.#..........#.#
#.##.....###.#.#
#.z#.#..###....#
##.#...## #..###
#.z....###..#
#..#.#.##...#
##.z@..#..#.#
######...#...
#.#####..# #.<.#
..# ##..# .#
#....# .# #.####
#.# #.#


You could see 3 wights.

Vanquished Creatures
  Prince Ribbit (D:6)
  Sigmund (D:5)
  A wyvern (D:6)
  A water moccasin (D:6)
  2 sky beasts
  3 black bears
  An ogre (D:6)
  A centaur (D:6)
  4 phantoms
  3 bullfrogs
  2 scorpions
  3 hounds
  2 jellies
  An orc priest (D:6)
  Crazy Yiuf (D:6)
  Terence (D:2)
  2 orc wizards (D:6)
  Natasha (thrice) (D:2)
  2 iguanas (D:5)
  8 gnolls (D:5)
  8 adders
  11 river rats (D:5)
  A shadow imp (D:7)
  2 white imps
  An ufetubus (D:6)
  2 worms
  4 dart slugs
  8 orcs
  9 ball pythons
  3 endoplasms
  6 giant cockroaches
  11 hobgoblins
  9 quokkas
  5 bats
  3 frilled lizards
  8 goblins
  7 kobolds
  21 rats
162 creatures vanquished.

Notes
Turn   | Place    | Note
-------+----------+-------------------------------------------
     0 | D:1      | Charge the Draconian Transmuter began the quest for the
                  | Orb.
     0 | D:1      | Reached XP level 1. HP: 16/16 MP: 3/3
   204 | D:1      | Reached XP level 2. HP: 11/23 MP: 5/5
  1019 | D:1      | You fall into a shaft and drop 1 floor!
  1154 | D:2      | Reached XP level 3. HP: 23/29 MP: 4/6
  1395 | D:1      | Learned a level 2 spell: Wereblood
  1811 | D:2      | Noticed Natasha
  1815 | D:2      | Killed Natasha
  1816 | D:2      | Reached XP level 4. HP: 37/37 MP: 5/7
  1929 | D:2      | Noticed Terence
  1959 | D:2      | Killed Terence
  2231 | D:2      | Noticed Natasha
  2241 | D:2      | Killed Natasha
  2242 | D:2      | Reached XP level 5. HP: 22/45 MP: 6/8
  2495 | D:2      | Noticed Natasha
  2500 | D:2      | Killed Natasha
  2712 | D:3      | Found a radiant altar of Vehumet.
  3195 | D:3      | Found a faded altar of an unknown god.
  3528 | D:4      | Reached XP level 6. HP: 29/52 MP: 7/9
  4161 | D:4      | Reached skill level 5 in Unarmed Combat
  4759 | D:5      | Entered Level 5 of the Dungeon
  4846 | D:5      | Your scales start taking on a golden yellow colour.
  4846 | D:5      | Reached XP level 7. HP: 57/60 MP: 10/10
  4846 | D:5      | Gained mutation: You are resistant to acid. (rCorr) [Yellow
                  | Draconian growth]
  4882 | D:5      | Noticed Sigmund
  5184 | D:5      | Killed Sigmund
  5606 | D:5      | Reached XP level 8. HP: 64/67 MP: 14/14
  6152 | D:5      | Reached skill level 5 in Spellcasting
  6166 | D:5      | Reached skill level 5 in Dodging
  6638 | D:6      | Found a runed translucent door.
  6639 | D:6      | Noticed Crazy Yiuf
  6650 | D:6      | Killed Crazy Yiuf
  6738 | D:6      | Noticed Prince Ribbit
  6756 | D:6      | Killed Prince Ribbit
  7088 | D:6      | Found a staircase to the Ecumenical Temple.
  7096 | Temple   | Entered the Ecumenical Temple
  7225 | Temple   | Became a worshipper of Makhleb the Destroyer
  7263 | D:6      | Found an iron altar of Okawaru.
  7280 | D:6      | Reached XP level 9. HP: 58/72 MP: 18/18
  8108 | D:7      | HP: 2/63 [wight/+0 battleaxe (8)]
  8108 | D:7      | Slain by a wight

Illustrated notes

Levels and vault maps discovered:
D:1:      mainiacjoe_arrival_reflecting_pool, layout_loops_corners, st_stairs_3
D:2:      layout_basic, minmay_misc_feat_ornament, uniq_natasha, uniq_terence
D:3:      layout_rooms, nicolae_vehumet_radiance,
          shapermc_ecumenical_altar_mp_vishouse, kennysheep_small_spiral
D:4:      layout_basic
D:5:      lemuel_ratsnest, layout_cave_pools, chequers_decorated_corner,
          eino_tiny_chamber, uniq_sigmund
D:6:      layout_loops_cross, okawaru_metal_pillars_3,
          minmay_temple_entry_glassed_door, uniq_crazy_yiuf_cottage,
          uniq_prince_ribbit1
D:7:      layout_loops_ring, dk_yredelemnul_ordeal, serial_shops, shop,
          enter_bailey_2, minmay_misc_feat_five, bh_walls_and_bars
Temple:   eino_temple_rhombus

Skill      XL: |  1  2  3  4  5  6  7  8  9 |
---------------+----------------------------+-----
Fighting       | 2 3 4 |  4.6
Transmutations | 3 4 |  4.5
Unarmed Combat | 4 5 |  5.2
Dodging        | 2 4 6 7 |  7.0
Spellcasting   | 4 6 7 |  7.0

Action                   |  1- 3 |  4- 6 |  7- 9 || total
-------------------------+-------+-------+-------++-------
Melee: Unarmed           |   103 |    12 |       ||   115
       Tailslap          |    15 |    16 |    40 ||    71
       Punch             |     2 |     4 |    13 ||    19
       Kick              |     8 |    17 |    36 ||    61
       Headbutt          |     3 |     8 |    32 ||    43
       Short sword       |       |   143 |   297 ||   440
 Cast: Beastly Appendage |     5 |    10 |    22 ||    37
  Use: Scroll            |       |     8 |     1 ||     9
       Potion            |       |       |     1 ||     1
 Stab: Sleeping          |     1 |       |     2 ||     3
       Distracted        |       |       |     1 ||     1
Armor: Skin              |    29 |    63 |   149 ||   241
Dodge: Dodged            |    63 |    80 |   228 ||   371
